 Dungeon Crawl Stone Soup version 0.31-a0-1511-g961fd35ebc (webtiles) character file.

Game seed: 5181462334857444253

108 Querens the Shield-Bearer (level 5, 0/42 HPs)
             Began as a Formicid Fighter on Dec 30, 2023.
             Slain by a bombardier beetle (4 damage)
             ... on level 3 of the Dungeon.
             The game lasted 00:05:06 (1775 turns).

Querens the Shield-Bearer (Formicid Fighter)        Turns: 1775, Time: 00:05:07

Health: 0/42       AC:  7    Str: 28    XL:     5   Next: 12%
Magic:  5/5        EV:  9    Int:  8    God:
Gold:   33         SH:  5    Dex: 13    Spells: 4/4 levels left

rFire   . . .        a - +0 war axe
rCold   . . .        c - +0 buckler
rNeg    . . .        b - +0 scale mail
rPois   .            (helmet unavailable)
rElec   .            (no cloak)
rCorr   .            (no gloves)
SInv    +            (no boots)
Will    +....        (no amulet) Stlth
                     p - +6 ring of strength
HPRegen 0.27/turn    k - ring of willpower
MPRegen 0.09/turn

%: no passive effects
@: no status effects
A: permanent stasis, dig shafts and tunnels, antennae 3, four strong arms
a: Dig, Shaft Self


You were on level 3 of the Dungeon.
You visited 1 branch of the dungeon, and saw 3 of its levels.

You collected 33 gold pieces.

Inventory:

Hand Weapons
 a - a +0 war axe (weapon)
Armour
 b - a +0 scale mail (worn)
 c - a +0 buckler (worn)
Jewellery
 k - a ring of willpower (right hand)
 o - a ring of resist corrosion
 p - a +6 ring of strength (left hand)
Talismans
 l - a blade talisman
Scrolls
 e - 4 scrolls of identify {unknown}
 f - a scroll of revelation {unknown}
 i - a scroll of noise {unknown}
 j - a scroll of immolation
 n - a scroll of vulnerability {unknown}
Potions
 d - 2 potions of might
 h - a potion of magic {unknown}
 m - a potion of attraction


   Skills:
 + Level 3.9 Fighting
 * Level 3.2 Axes
 + Level 4.0 Armour
 + Level 4.9 Shields


You had 4 spell levels left.
You didn't know any spells.
Your spell library was empty.

Dungeon Overview and Level Annotations

Branches:
Dungeon (3/15)

Altars:


Innate Abilities, Weirdness & Mutations

You cannot be hasted, slowed, berserked, paralysed or teleported.
You can dig through walls and to a lower floor.
You have a pair of large antennae on your head. (SInv)
Your four strong arms can wield two-handed weapons with a shield.


Message History

The frilled lizard bites you.
You slash the frilled lizard!
You kill the frilled lizard!
You see here a frilled lizard corpse.
You slash the bombardier beetle!
The bombardier beetle is heavily wounded.
You block the bombardier beetle's attack.
You hit the bombardier beetle.
The bombardier beetle is severely wounded.
The bombardier beetle sprays incendiary fluid at you.
The burning spray hits you.
You are covered in liquid fire!
You hit the bombardier beetle.
The bombardier beetle is almost dead.
The liquid fire burns you!
You block the bombardier beetle's attack.
You hit the bombardier beetle but do no damage.
The bombardier beetle is almost dead.
The liquid fire burns you!
The bombardier beetle bites you but does no damage.
You closely miss the bombardier beetle.
The bombardier beetle is almost dead.
The liquid fire burns you!
You barely miss the bombardier beetle.
The bombardier beetle is almost dead.
The liquid fire burns you!
* * * LOW HITPOINT WARNING * * *
The bombardier beetle bites you but does no damage.
You shake off some of the fire as you move.
The liquid fire burns you!
* * * LOW HITPOINT WARNING * * *
You block the bombardier beetle's attack.
You shake off the liquid fire.
You closely miss the bombardier beetle.
The bombardier beetle is almost dead.
The bombardier beetle misses you.
You hit the bombardier beetle but do no damage.
The bombardier beetle is almost dead.
The bombardier beetle bites you.
You die...

.........#.##.#.......
#............#....####.
#............#....#
#..........[.#.#..# #.
#............#.#..# #.
#............#.#...###.
#....?.......#.#.......
#..............#..####.
#.....@B.......#..####.
................#..#....
....:...........#. #...>
...............†#..###..
................#....<..
................##.#....
##############..#.......
##..#######.
#...........


You could see a bombardier beetle.

Vanquished Creatures
  An orc priest (D:3)
  2 adders (D:2)
  A ribbon worm (D:2)
  4 orcs (D:3)
  4 bats
  3 endoplasms
  4 giant cockroaches
  6 goblins
  4 hobgoblins
  12 ball pythons
  2 frilled lizards
  6 kobolds
  4 rats
53 creatures vanquished.

Notes
Turn   | Place    | Note
-------+----------+-------------------------------------------
     0 | D:1      | Querens the Formicid Fighter began the quest for the Orb.
     0 | D:1      | Reached XP level 1. HP: 18/18 MP: 1/1
   284 | D:1      | Reached XP level 2. HP: 24/24 MP: 2/2
   552 | D:1      | Found a faded altar of an unknown god.
   822 | D:2      | Reached XP level 3. HP: 28/29 MP: 3/3
  1265 | D:2      | Reached XP level 4. HP: 34/37 MP: 4/4
  1595 | D:3      | Reached XP level 5. HP: 5/42 MP: 5/5
  1640 | D:3      | HP: 2/42 [burnt (5)]
  1775 | D:3      | Slain by a bombardier beetle

Illustrated notes

Levels and vault maps discovered:
D:1:      minmay_arrival_plants_in_alcoves, layout_basic,
          hellmonk_ecumenical_altar_blasted, minivault_27
D:2:      layout_loops_corners, grunt_ministairs_15
D:3:      layout_basic

Skill      XL: |  1  2  3  4 |
---------------+-------------+-----
Axes           | 3 |  3.2
Armour         | 4 |  4.0
Fighting       | |  3.9
Shields        | |  4.9

Action                     |  1- 3 |  4- 6 || total
---------------------------+-------+-------++-------
  Melee: War axe           |   112 |    48 ||   160
    Use: Potion            |       |     3 ||     3
   Stab: Invisible         |       |     1 ||     1
 Armour: Scale mail        |    91 |    32 ||   123
  Dodge: Dodged            |    69 |    24 ||    93
  Block: Buckler           |    32 |    13 ||    45

Table legend: (Time is in decaauts)
 A = Elapsed time spent in this place.
 B = Non-inter-level travel time spent in this place.
 C = Inter-level travel time spent in this place.
 D = Time resting spent in this place.
 E = Time spent auto-exploring this place.
 F = Levels seen in this place.
 G = Mean time per level.
                   A        B        C        D        E       F      G
               +--------+--------+--------+--------+--------+-----+--------+
         Total |   1835 |   1643 |    192 |      0 |      0 |   3 |  611.7 |
       Dungeon |   1835 |   1643 |    192 |      0 |      0 |   3 |  611.7 |
               +--------+--------+--------+--------+--------+-----+--------+

Top non-repeatable levels by time:
     D:2: 779 daAuts
     D:1: 696 daAuts
     D:3: 359 daAuts
